 Dungeon Crawl Stone Soup version 0.22-a0-362-g535178c (webtiles) character file.

15 iamserjio the Ruffian (level 2, 0/25 HPs)
             Began as a Naga Transmuter on Apr 20, 2018.
             Slain by a goblin
             ... wielding a +0 club
              (6 damage)
             ... on level 1 of the Dungeon.
             The game lasted 00:01:48 (325 turns).

iamserjio the Ruffian (Naga Transmuter)              Turns: 325, Time: 00:01:48

Health: 0/25       AC:  1    Str: 12    XL:     2   Next: 50%
Magic:  5/5        EV: 10    Int: 13    God:
Gold:   12         SH:  0    Dex: 11    Spells: 4/5 levels left

rFire    . . .     SeeInvis +     - Unarmed
rCold    . . .     Gourm    .   (no shield)
rNeg     . . .     Faith    .   b - +0 robe
rPois    +         Spirit   .   (no helmet)
rElec    .         Reflect  .   (no cloak)
rCorr    .         Harm     .   (no gloves)
MR       .....                  (no barding)
Stlth    ++........             (no amulet)
HPRegen  0.08/turn              (no ring)
MPRegen  0.09/turn              (no ring)

@: short of breath, appendage (expiring), very slow
A: large, horns 2, see invisible, deformed body, poison resistance, slowness 2,
slow metabolism 1, spit poison 1, AC +0
a: Spit Poison, End Transformation


You were on level 1 of the Dungeon.
You were not hungry.
You had grown temporary horns.
You visited 1 branch of the dungeon, and saw 1 of its levels.

You collected 12 gold pieces.

Inventory:

Missiles
 a - 12 arrows
 e - a stone (quivered)
Armour
 b - a +0 robe (worn)
Potions
 f - a potion of haste {unknown}
Comestibles
 c - 4 chunks of flesh
 d - a ration


   Skills:
 - Level 1.0 Fighting
 - Level 1.5 Dodging
 + Level 1.4 Stealth
 * Level 3.4 Unarmed Combat
 - Level 2.0 Spellcasting
 + Level 2.2 Transmutations


You had 4 spell levels left.
You knew the following spells:

 Your Spells              Type           Power        Failure   Level  Hunger
a - Beastly Appendage     Tmut           #.....       10%         1    ##.....


Dungeon Overview and Level Annotations

Branches:
Dungeon (1/15)

Altars:


Innate Abilities, Weirdness & Mutations

You cannot wear boots.
Your serpentine skin is tough. (AC +0)
You have supernaturally acute eyesight. (SInv)
Armour fits poorly on your strangely shaped body.
Your system is resistant to poisons. (rPois)
You cover ground very slowly.
You have a slow metabolism.
You can spit poison.
You have a pair of horns on your head.


Message History

You closely miss the jackal.
The jackal is heavily wounded.
The jackal bites you. x2
The jackal bites you.
You hit the jackal.
You kill the jackal!
You barely miss the rat.
Your transformation is almost over.
The rat barely misses you.
You barely miss the rat. Your headbutt misses the rat.
The rat closely misses you.
You hit the rat.
You kill the rat!
You barely miss the goblin. The goblin hits you with a club.
* * * LOW HITPOINT WARNING * * *
Press: ? - help, Shift-Dir - straight line, f - goblin
Aim: a goblin, wielding a club The splash of poison misses the goblin.
You feel slightly more hungry. The goblin hits you with a club.
You die...

####### .......###
........########
.....#.........# #########
#...........# ##.......##
#...........#
##.........###............
.##...........##h...........
#.............@g#<..........
.##...........##h..........#
##.........###รท......#####
##.......## #.......#
############......$##
..(.........[####
.................
##....#.#....####
.........#..$....


You could see 2 jackals and a goblin.

Vanquished Creatures
  2 goblins (D:1)
  A jackal (D:1)
  A bat (D:1)
  2 frilled lizards (D:1)
  13 rats (D:1)
19 creatures vanquished.

Notes
Turn   | Place    | Note
-------+----------+-------------------------------------------
     0 | D:1      | iamserjio the Naga Transmuter began the quest for the Orb.
     0 | D:1      | Reached XP level 1. HP: 18/18 MP: 3/3
    77 | D:1      | Reached skill level 1 in Stealth
    79 | D:1      | Reached XP level 2. HP: 16/25 MP: 3/5
   325 | D:1      | Slain by a goblin

Vault maps used:
D:1:      erik_arrival_orb_chamber, solitary_fountain, st_stairs_13

Skill      XL: |  1 |
---------------+----+-----
Stealth        | 1 |  1.4
Fighting       | |  1.0
Dodging        | |  1.5
Unarmed Combat | |  3.4
Spellcasting   | |  2.0
Transmutations | |  2.2

Action                   || total
-------------------------++-------
Melee: Unarmed           ||    40
       Headbutt          ||     1
 Cast: Beastly Appendage ||     4
 Abil: Spit Poison       ||     6
Armor: Robe              ||     6
Dodge: Dodged            ||    21

Table legend:
 A = Spawn XP
 B = Non-spawn XP
 C = Spawn XP percentage of total XP
 D = Spawn monster count
 E = Non-spawn monster count
 F = Spawn count percentage of total count
 G = Total turns spent on level
                    A         B        C        D         E        F      G
               +---------+---------+-------+---------+---------+-------+---------
         Total |       0 |      22 |   0.0 |       0 |      19 |   0.0 |   325
               +---------+---------+-------+---------+---------+-------+---------
           D:1 |       0 |      22 |   0.0 |       0 |      19 |   0.0 |   325
               +---------+---------+-------+---------+---------+-------+---------
